 Dungeon Crawl Stone Soup version 0.26.1-2-gb8aa6d0cf2 (webtiles) character file.

Game seed: 13713481106717704494

98 DearestLeader the Digger (level 4, 0/24 HPs)
             Began as a Gargoyle Earth Elementalist on Feb 15, 2021.
             Slain by Sigmund
             ... wielding a +0 scythe
              (9 damage)
             ... on level 2 of the Dungeon.
             The game lasted 00:02:55 (2227 turns).

DearestLeader the Digger (GrEE)                     Turns: 2227, Time: 00:02:55

Health: 0/24       AC:  5    Str: 12    XL:     4   Next: 69%
Magic:  7/7        EV: 12    Int: 16    God:
Gold:   85         SH:  0    Dex: 10    Spells: 1/7 levels left

rFire    . . .     SeeInvis .   i - +0 short sword
rCold    . . .     Faith    .   (no shield)
rNeg     + . .     Spirit   .   c - +0 robe
rPois    ∞         Reflect  .   (no helmet)
rElec    +         Harm     .   (no cloak)
rCorr    .         Rampage  .   (no gloves)
Will     .....                  (no boots)
Stlth    ++........             (no amulet)
HPRegen  0.08/turn              (no ring)
MPRegen  0.10/turn              (no ring)

@: no status effects
A: negative energy resistance 1, electricity resistance, unbreathing,
petrification resistance, miasma immunity, AC +3
a: no special abilities


You were on level 2 of the Dungeon.
You visited 1 branch of the dungeon, and saw 2 of its levels.

You collected 85 gold pieces.

Inventory:

Hand Weapons
 i - a +0 short sword (weapon)
Missiles
 b - 23 stones
Armour
 c - a +0 robe (worn)
Scrolls
 d - 2 scrolls of identify {unknown}
 e - a scroll of enchant weapon {unknown}
 f - a scroll of amnesia {unknown}
 h - 3 scrolls of teleportation {unknown}
 j - a scroll of fear {unknown}
Potions
 a - a potion of curing {unknown}
 g - 3 potions of brilliance {unknown}
 k - a potion of lignification {unknown}


   Skills:
 - Level 1.5 Dodging
 - Level 2.1 Stealth
 - Level 2.0 Spellcasting
 - Level 0.7 Transmutations
 * Level 6.4 Earth Magic


You had one spell level left.
You knew the following spells:

 Your Spells              Type           Power        Failure   Level
a - Sandblast             Erth           44%          1%          1
b - Passwall              Tmut/Erth      10%          8%          2
c - Stone Arrow           Conj/Erth      22%          17%         3

Your spell library contained the following spells:

 Spells                   Type           Power        Failure   Level
 Lee's Rapid Deconstruct  Erth           11%          38%         5
 Petrify                  Tmut/Erth      13%          43%         4


Dungeon Overview and Level Annotations

Branches:
Dungeon (2/15)

Altars:

Annotations:
D:2 Sigmund


Innate Abilities, Weirdness & Mutations

You are resistant to torment.
Your stone body is resilient. (AC +3)
You are immune to poison.
You resist negative energy. (rN+)
You are resistant to electric shocks. (rElec)
You can survive without breathing.
You are immune to petrification.
You are immune to miasma.


Message History

Sigmund hits you from afar with a +0 scythe!
Sigmund points at you and mumbles some strange words.
You resist with some effort.
Sigmund casts a spell at himself.
Sigmund flickers and vanishes!
Deactivating autopickup; reactivate with Ctrl-A.
The frilled lizard closely misses you.
The rat twitches its whiskers.
You see here a rat skeleton.
You are confused.
The frilled lizard closely misses you.
You miss the frilled lizard. The rat bites you but does no damage.
Something hits you. The frilled lizard closely misses you.
The rat closely misses you. Something hits you but does no damage.
The rat completely misses you. Something hits you!
The frilled lizard bites you but does no damage.
You feel less confused. The frilled lizard barely misses you.
Something hits you!
You die...

#....#####.#
#########
#..........#
#........
#..........#
#.#######
#..........#
#.# #
#.........##
#.# ###
#......g..#
#.# #..
##........#
#.# #..
#.....rl.#
#.# #..
#.....@..#
#.# #..
#####.####
#.# #.. #.#
#.# #.. #.#
#.# #.. #.#
#.# #.. #.#
#.# #..
#.#########.#
###
#...........#
#############


You could see a goblin, a frilled lizard and a rat.

Vanquished Creatures
  4 gnolls
  2 adders (D:2)
  A worm (D:2)
  4 leopard geckos
  2 bats
  2 goblins (D:2)
  7 hobgoblins
  5 kobolds
  A quokka (D:2)
  A ball python (D:1)
  2 frilled lizards (D:2)
  7 rats
38 creatures vanquished.

Notes
Turn   | Place    | Note
-------+----------+-------------------------------------------
     0 | D:1      | DearestLeader the Gargoyle Earth Elementalist began the
                  | quest for the Orb.
     0 | D:1      | Reached XP level 1. HP: 10/10 MP: 3/3
   301 | D:1      | Reached skill level 4 in Earth Magic
   338 | D:1      | Reached XP level 2. HP: 15/15 MP: 0/5
   907 | D:1      | Reached skill level 5 in Earth Magic
   907 | D:1      | Reached XP level 3. HP: 16/19 MP: 6/6
  1146 | D:1      | Learned a level 2 spell: Passwall
  1150 | D:1      | Learned a level 3 spell: Stone Arrow
  1387 | D:2      | Reached XP level 4. HP: 21/24 MP: 2/7
  1655 | D:2      | Reached skill level 6 in Earth Magic
  2184 | D:2      | Noticed Sigmund
  2227 | D:2      | Slain by Sigmund

Illustrated notes

Levels and vault maps discovered:
D:1:      tarquinn_simple_flora_water_a, layout_basic, grunt_decor_one_mirror,
          minmay_cut_off
D:2:      layout_basic, minmay_tromino_i4, uniq_sigmund

Skill      XL: |  1  2  3  4 |
---------------+-------------+-----
Earth Magic    | 4 5 6 |  6.4
Dodging        | |  1.5
Stealth        | |  2.1
Spellcasting   | |  2.0
Transmutations | |  0.7

Action                   |  1- 3 |  4- 6 || total
-------------------------+-------+-------++-------
Melee: Unarmed           |    53 |       ||    53
       Short sword       |    15 |    38 ||    53
 Cast: Sandblast         |    23 |     7 ||    30
 Stab: Sleeping          |     3 |       ||     3
Armor: Robe              |    15 |    19 ||    34
Dodge: Dodged            |    44 |    42 ||    86
